 Dungeon Crawl Stone Soup version 0.30-a0-860-g512cf1e979 (webtiles) character file.

Game seed: 15376121125180514496

3171 112233 the Thaumaturge (level 9, -26/98 HPs)
             Began as a Naga Transmuter on Mar 8, 2023.
             Annihilated by Grum
             ... wielding a +0 heavy glaive
              (54 damage)
             ... on level 8 of the Dungeon.
             The game lasted 00:11:05 (9078 turns).

112233 the Thaumaturge (Naga Transmuter)            Turns: 9078, Time: 00:11:05

Health: -26/98     AC:  7    Str: 14    XL:     9   Next: 94%
Magic:  17/21      EV: 11    Int: 17    God:
Gold:   603        SH:  0    Dex: 11    Spells: 14/24 levels left

rFire   x . .      SeeInvis +    l - melded +9 dagger "Woxyam" {protect, Will+ Dex+6}
rCold   + + +      Faith    .    (shield currently unavailable)
rNeg    . . .      Spirit   .    a - melded +1 robe
rPois   +          Reflect  .    (helmet currently unavailable)
rElec   .          Rampage  .    (cloak currently unavailable)
rCorr   .                        (gloves currently unavailable)
Will    +....                    (no barding)
Stlth   +                        (no amulet)
HPRegen 0.36/turn                (no ring)
MPRegen 0.17/turn                (no ring)

@: ice-form, wereblooded
A: freezing attack, amphibious, boosted hp, AC +3, large, see invisible,
(deformed body), (poison resistance), (slowness 2), spit poison 1, (naga tail 1)
a: Spit Poison, End Transformation


You were on level 8 of the Dungeon.
You were a creature of crystalline ice.
You visited 1 branch of the dungeon, and saw 9 of its levels.

You collected 603 gold pieces.

Inventory:

Hand Weapons
 l - the +9 dagger "Woxyam" (melded) {protect, Will+ Dex+6}
   (You found it on level 2 of the Dungeon)

   Dex:       It affects your dexterity (+6).
   Will:      It increases your willpower.
Missiles
 s - 4 silver javelins
 x - 4 throwing nets
Armour
 a - a +1 robe (melded)
Magical Staves
 c - a staff of earth
Jewellery
 y - the ring of Suspicion {Int+3 Slay+4}
   (You found it on level 9 of the Dungeon)

   [ring of slaying]

   Int:       It affects your intelligence (+3).
   Slay:      It affects your accuracy & damage with ranged weapons and melee
   (+4).
Wands
 C - a wand of polymorph (5)
Scrolls
 b - 3 scrolls of enchant armour
 e - 2 scrolls of vulnerability {unknown}
 f - 5 scrolls of identify
 i - 2 scrolls of noise
 j - 3 scrolls of amnesia
 p - a scroll of teleportation
 q - a scroll of summoning {unknown}
 r - a scroll of poison {unknown}
 u - a scroll of immolation {unknown}
 v - a scroll of fear {unknown}
 A - a scroll of brand weapon {unknown}
 D - a scroll of blinking {unknown}
Potions
 d - 2 potions of might
 g - a potion of attraction {unknown}
 h - 4 potions of curing {unknown}
 k - a potion of cancellation {unknown}
 m - a potion of resistance {unknown}
 n - a potion of mutation {unknown}
 o - a potion of invisibility {unknown}
 t - 2 potions of heal wounds {unknown}
 w - a potion of berserk rage {unknown}
 z - a potion of degeneration {unknown}
 B - a potion of haste {unknown}
 E - a potion of flight {unknown}


   Skills:
 + Level 6.1 Fighting
 + Level 5.2 Dodging
 - Level 3.0 Unarmed Combat
 * Level 8.1 Spellcasting
 + Level 6.3 Transmutations


You had 14 spell levels left.
You knew the following spells:

 Your Spells              Type           Power      Damage    Failure   Level
a - Beastly Appendage     Tmut           56%        N/A       1%          1
b - Wereblood             Tmut           28%        N/A       1%          2
c - Spider Form           Tmut/Pois      17%        N/A       9%          3
d - Ice Form              Ice/Tmut       17%        N/A       28%         4

Your spell library contained the following spells:

 Spells                   Type           Power      Damage    Failure   Level
 Yara's Violent Unravell  Hex/Tmut       8%         3d5       61%         5
 Animate Dead             Necr           6%         N/A       71%         4
 Enfeeble                 Hex            3%         N/A       100%        7
 Haunt                    Necr/Summ      3%         N/A       100%        7
 Infestation              Necr           3%         N/A       100%        8


Dungeon Overview and Level Annotations

Branches:
Dungeon (9/15)
 Temple: D:4-7         Lair: D:8-11         Orc: D:9-12

Altars:
Ashenzari
Fedhas

Shops:
D:1 (

Annotations:
D:6 1 runed translucent door, Crazy Yiuf
D:8 Grum


Innate Abilities, Weirdness & Mutations

You are a creature of crystalline ice.
You have a powerful freezing melee attack.
You are amphibious.
Your maximum health is increased.
Your armour is entirely melded.
You are incapable of wielding weapons or throwing items.
((Your serpentine skin is tough. (AC +3)))
You have supernaturally acute eyesight. (SInv)
((Armour fits poorly on your strangely shaped body.))
((Your system is resistant to poisons. (rPois)))
((You cover ground very slowly.))
You can spit poison.
((You have a snake-like lower body.))


Message History

You turn into a creature of crystalline ice.
The +9 dagger "Woxyam" {protect, Will+ Dex+6} melds into your body.
Your +1 robe melds into your body.
The +9 dagger "Woxyam" {protect, Will+ Dex+6} goes still.
The wolf bites you. The wolf completely misses you.
The wolf closely misses you.
Casting: Ice Form (dangerous; 28% risk of failure)
Confirm with . or Enter, or press ? or * to list all spells.
Your blood is infused with primal strength.
The wolf bites you but does no damage. The wolf bites you! The wolf bites you.
Unknown command.
You closely miss the wolf. The wolf bites you! The wolf barely misses you.
You punch the wolf! You freeze the wolf.
The wolf is severely wounded.
The wolf bites you!
You hit the wolf. You freeze the wolf.
The wolf is severely wounded.
The wolf bites you. x2
You punch the wolf! You freeze the wolf.
You feel a bit better.
You kill the wolf!
Grum drinks a potion.
Grum seems to grow stronger.
A wolf comes into view.
Grum closely misses you.
You see here a wolf corpse.
You punch Grum! You freeze Grum!
Grum is heavily wounded.
Grum closely misses you.
You hit Grum but do no damage.
Grum is heavily wounded.
You hit Grum. You freeze Grum.
Grum is severely wounded.
You howl as the wereblood boils in your veins!
Grum hits you with a +0 heavy glaive!!!
* * * LOW HITPOINT WARNING * * *
You hit Grum but do no damage.
Grum is severely wounded.
Grum hits you with a +0 heavy glaive!!!
Ouch! That really hurt!
You die...

#######)###)..####
g... #)# +...'...
...## ####.#
#...#### h...
#....# #...# #...
#....# #...# #..!
#....# ##### #!..
#....#
#...####....# .
#..hgY......# .
###.#####'#.# #.
#.#.# #. #.#.# #.
#.#.# #. .# #. .#
#. .#


You could see Grum (strong) and a wolf.

Vanquished Creatures
  Harold (D:9)
  Prince Ribbit (D:5)
  3 ice beasts
  2 sky beasts (D:7)
  A wolf (D:8)
  An ogre (D:4)
  2 centaurs
  A phantom (D:5)
  2 kobold brigands (D:8)
  Blork the orc (D:6)
  A gnoll sergeant (D:8)
  3 scorpions
  4 bullfrogs
  2 hounds
  4 orc priests
  A sleepcap (D:6)
  7 iguanas
  8 orc wizards
  7 adders
  7 gnolls
  A white imp (D:6)
  A worm (D:2)
  2 dart slugs
  24 orcs
  3 bats
  9 endoplasms
  5 giant cockroaches
  9 hobgoblins
  13 kobolds
  2 quokkas
  2 ball pythons (D:1)
  A frilled lizard (D:2)
  3 goblins (D:1)
  6 rats
140 creatures vanquished.

Notes
Turn   | Place    | Note
-------+----------+-------------------------------------------
     0 | D:1      | 112233 the Naga Transmuter began the quest for the Orb.
     0 | D:1      | Reached XP level 1. HP: 18/18 MP: 3/3
   233 | D:1      | Found Cuda's Antique Weapon Boutique.
   308 | D:1      | Reached XP level 2. HP: 13/25 MP: 3/5
   741 | D:1      | Learned a level 2 spell: Wereblood
  1466 | D:1      | Reached XP level 3. HP: 31/31 MP: 4/6
  1823 | D:2      | Learned a level 3 spell: Spider Form
  2030 | D:2      | Identified the +9 dagger "Woxyam" {protect, Will+ Dex+6}
  2119 | D:2      | Reached XP level 4. HP: 31/39 MP: 6/8
  3255 | D:3      | Reached skill level 3 in Spellcasting
  3439 | D:4      | Reached XP level 5. HP: 45/45 MP: 6/9
  3697 | D:4      | Noticed an ogre
  3706 | D:5      | Entered Level 5 of the Dungeon
  3770 | D:4      | Killed an ogre
  3771 | D:4      | Reached XP level 6. HP: 54/55 MP: 11/11
  3899 | D:4      | Reached skill level 4 in Spellcasting
  4640 | D:5      | Reached XP level 7. HP: 62/62 MP: 10/13
  4762 | D:5      | Learned a level 4 spell: Ice Form
  5009 | D:5      | Reached skill level 5 in Spellcasting
  5206 | D:5      | Found a broken altar of Ashenzari.
  5207 | D:5      | Found a blossoming altar of Fedhas.
  5509 | D:5      | Noticed Prince Ribbit
  5520 | D:5      | Killed Prince Ribbit
  5521 | D:5      | Reached XP level 8. HP: 59/72 MP: 11/16
  6223 | D:6      | Reached skill level 6 in Spellcasting
  6411 | D:6      | Noticed Blork the orc
  6429 | D:6      | Killed Blork the orc
  6433 | D:6      | Reached skill level 5 in Transmutations
  7356 | D:6      | Found a runed translucent door.
  7357 | D:6      | Noticed Crazy Yiuf
  7523 | D:7      | Reached XP level 9. HP: 62/80 MP: 13/19
  7526 | D:7      | Reached skill level 5 in Fighting
  7633 | D:8      | Reached skill level 7 in Spellcasting
  8060 | D:9      | Identified the ring of Suspicion {Int+3 Slay+4}
  8113 | D:9      | Noticed Harold
  8131 | D:9      | Killed Harold
  8132 | D:9      | Reached skill level 5 in Dodging
  9031 | D:8      | Reached skill level 8 in Spellcasting
  9063 | D:8      | Noticed Grum
  9078 | D:8      | Annihilated by Grum

Illustrated notes

Levels and vault maps discovered:
D:1:      sevenhm_arrival_forest_fort_large_4, layout_basic, serial_shops,
          shop_coins, minmay_misc_feat_plants
D:2:      layout_loops_ring, serial_forest, infiniplex_forest_join,
          infiniplex_forest_clump_tiny, infiniplex_forest_clump_double,
          infiniplex_forest_zigzag_2, infiniplex_forest_straight_2,
          infiniplex_forest_clump_C, infiniplex_forest_clump_tiny,
          infiniplex_forest_end_2, infiniplex_forest_end_2
D:3:      layout_basic, gup_sewer_entry_pipe
D:4:      layout_loops_cross, st_stairs_13
D:5:      layout_cave_pods, nicolae_overflow_squiral, uniq_prince_ribbit1
D:6:      layout_loops_corners, uniq_crazy_yiuf_cottage, uniq_blork_the_orc
D:7:      layout_cave_pools, minmay_temple_entry_enclosed_plants,
          hangedman_abyss_or_decor_lesser_grid, minmay_misc_feat_doors
D:8:      layout_basic, lair_entry_dummy, uniq_grum
D:9:      layout_layer_cave, minivault_24, uniq_harold

Skill      XL: |  1  2  3  4  5  6  7  8  9 |
---------------+----------------------------+-----
Dodging        | 2 3 4 5 |  5.2
Spellcasting   | 3 4 5 6 8 |  8.1
Fighting       | 2 3 4 6 |  6.1
Transmutations | 3 4 5 6 |  6.3
Unarmed Combat | |  3.0

Action                     |  1- 3 |  4- 6 |  7- 9 || total
---------------------------+-------+-------+-------++-------
  Melee: Staff             |    78 |       |       ||    78
         Unarmed           |     8 |       |   163 ||   171
         Headbutt          |    14 |     7 |    14 ||    35
         Dagger            |     7 |   100 |   108 ||   215
         Punch             |       |     2 |     2 ||     4
   Cast: Beastly Appendage |    20 |    25 |    13 ||    58
         Wereblood         |     2 |     7 |    16 ||    25
         Spider Form       |       |       |    16 ||    16
         Ice Form          |       |       |     5 ||     5
Ability: Spit Poison       |     3 |     1 |     9 ||    13
    Use: Potion            |       |     1 |     1 ||     2
         Scroll            |       |       |     5 ||     5
   Stab: Sleeping          |       |       |     2 ||     2
 Armour: Robe              |    15 |    30 |    31 ||    76
         Skin              |       |     5 |    45 ||    50
  Dodge: Dodged            |    51 |    38 |   223 ||   312

Table legend: (Time is in decaauts)
 A = Elapsed time spent in this place.
 B = Non-inter-level travel time spent in this place.
 C = Inter-level travel time spent in this place.
 D = Time resting spent in this place.
 E = Time spent auto-exploring this place.
 F = Levels seen in this place.
 G = Mean time per level.
                   A        B        C        D        E       F      G
               +--------+--------+--------+--------+--------+-----+--------+
         Total |  10954 |  10599 |    355 |   1714 |   7541 |   9 | 1217.1 |
       Dungeon |  10954 |  10599 |    355 |   1714 |   7541 |   9 | 1217.1 |
               +--------+--------+--------+--------+--------+-----+--------+

Top non-repeatable levels by time:
     D:1: 1955 daAuts
     D:6: 1946 daAuts
     D:5: 1497 daAuts
     D:4: 1449 daAuts
     D:2: 1295 daAuts
     D:9: 1245 daAuts
     D:3: 1020 daAuts
     D:8: 335 daAuts
     D:7: 208 daAuts
